 Dungeon Crawl Stone Soup version 0.27.1-35-g4d5d836560 (webtiles) character file.

Game seed: 11309213937609664101

564 mosco the Chopper (level 7, -12/52 HPs)
             Began as a Demonspawn Gladiator on May 14, 2022.
             Killed by divine providence
             ... invoked by an orc priest
              (13 damage)
             ... on level 7 of the Dungeon.
             The game lasted 00:08:49 (4669 turns).

mosco the Chopper (Demonspawn Gladiator)            Turns: 4669, Time: 00:08:50

Health: -12/52     AC:  6    Str: 16    XL:     7   Next: 10%
Magic:  7/7        EV: 12    Int:  9    God:
Gold:   69         SH:  4    Dex: 15    Spells: 6/6 levels left

rFire    . . .     SeeInvis .   a - +0 war axe
rCold    . . .     Faith    .   (no shield)
rNeg     . . .     Spirit   .   u - +0 ring mail
rPois    .         Reflect  .   c - +0 helmet
rElec    .         Harm     .   (no cloak)
rCorr    .         Rampage  .   (no gloves)
Will     .....                  (no boots)
Stlth    +.........             (no amulet)
HPRegen  0.17/turn              (no ring)
MPRegen  0.10/turn              (no ring)

@: no status effects
A: spiny 1, condensation shield
a: no special abilities


You were on level 7 of the Dungeon.
You visited 1 branch of the dungeon, and saw 5 of its levels.

You collected 69 gold pieces.

Inventory:

Hand Weapons
 a - a +0 war axe (weapon)
Missiles
 d - 3 throwing nets (quivered)
Armour
 b - a +0 leather armour
 c - a +0 helmet (worn)
 u - a +0 ring mail (worn)
Jewellery
 t - a ring of willpower
Wands
 s - a wand of flame (9)
Scrolls
 g - 3 scrolls of teleportation {unknown}
 h - a scroll of enchant armour {unknown}
 i - a scroll of immolation {unknown}
 k - 4 scrolls of magic mapping {unknown}
 n - 2 scrolls of blinking {unknown}
 p - a scroll of fear {unknown}
 q - 4 scrolls of identify {unknown}
 v - a scroll of noise {unknown}
Potions
 e - a potion of berserk rage {unknown}
 f - a potion of degeneration {unknown}
 j - a potion of cancellation {unknown}
 l - 4 potions of heal wounds {unknown}
 m - a potion of mutation {unknown}
 o - a potion of haste {unknown}
 r - a potion of brilliance {unknown}


   Skills:
 + Level 3.3 Fighting
 + Level 5.5 Axes
 + Level 1.9 Throwing
 + Level 2.2 Armour
 + Level 4.0 Dodging
 + Level 0.2 Stealth
 + Level 1.1 Shields


You had 6 spell levels left.
You didn't know any spells.
Your spell library contained the following spells:

 Spells                   Type           Power      Damage    Failure   Level
 Passwall                 Tmut/Erth      0%         N/A       75%         2
 Ignite Poison            Fire/Tmut/Pois 0%         N/A       92%         3
 Mephitic Cloud           Conj/Pois/Air  0%         N/A       92%         3
 Swiftness                Air            0%         N/A       92%         3
 Bolt of Magma            Conj/Fire/Erth 0%         4d4       100%        5
 Invisibility             Hex            0%         N/A       100%        6


Dungeon Overview and Level Annotations

Branches:
Dungeon (4/15)
 Temple: D:4-7

Altars:
Cheibriados
Makhleb

Shops:
D:1 (

Annotations:
D:7 Prince Ribbit


Innate Abilities, Weirdness & Mutations

You are partially covered in sharp spines.
A meltable shield of frost defends you. (SH +4)


Message History

The orc priest hits you with a +0 hand axe.
The orc priest mumbles some strange prayers to Beogh against you.
Pain shoots through your body!
You see here a +0 hand axe.
You slash the orc priest!
You kill the orc priest!
An orc comes into view. It is wielding a +0 short sword.
Found a runed quarterstaff.
An orc comes into view. It is wielding a +0 mace.
You barely miss the orc priest.
The orc shouts!
You hear a shout!
You hear a croak.
You hear a shout!
You block the orc priest's attack. The orc priest misses you.
You hit the orc priest but do no damage.
The orc priest calls down the wrath of Beogh upon you.
Pain shoots through your body!
You hit the orc priest.
The orc priest is moderately wounded.
Prince Ribbit comes into view.
The orc priest is struck by your spines.
The orc priest barely misses you.
An orc wizard comes into view. It is wielding a +0 dagger.
Your ring mail prevents you from hitting the orc priest.
The orc priest is moderately wounded.
Prince Ribbit croaks.
You slash the orc!
You kill the orc!
The orc priest calls down the wrath of Beogh upon you.
Beogh smites you!
Prince Ribbit blinks!
Found a stone staircase leading up.
Prince Ribbit is struck by your spines. Prince Ribbit closely misses you.
A bullfrog comes into view.
Prince Ribbit blinks!
The orc priest closely misses you. The orc closely misses you.
An orc comes into view. It is wielding a +0 dagger.
The orc shouts!
You hear a shout!
Prince Ribbit is struck by your spines. Prince Ribbit hits you!
* * * LOW HITPOINT WARNING * * *
The orc priest calls down the wrath of Beogh upon you.
Beogh smites you!
You die...

....>....#### .
........#.... .#.
#[......!....
...##............
...[........#....
..#..?).$......##
.......o))).....#
o..Fo..o..)......
)......@F........
.................
...........?.....
.......$.......(.
...........$.....
<........#.....##
################


You could see Prince Ribbit, a bullfrog, an orc priest, an orc wizard and 2
orcs.

Vanquished Creatures
  A centaur (D:7)
  A scorpion (D:4)
  A hound (D:4)
  An orc priest (D:7)
  A gnoll shaman (D:4)
  Natasha (twice) (D:2 D:1)
  3 orc wizards
  A howler monkey zombie (D:7)
  5 adders
  4 gnolls (D:4)
  A worm (D:2)
  3 dart slugs
  16 orcs
  6 bats
  9 endoplasms
  A giant cockroach (D:3)
  9 goblins
  6 hobgoblins
  7 jackals (D:1)
  7 kobolds
  4 quokkas
  6 ball pythons
  2 rats
97 creatures vanquished.

Notes
Turn   | Place    | Note
-------+----------+-------------------------------------------
     0 | D:1      | mosco the Demonspawn Gladiator began the quest for the Orb.
     0 | D:1      | Reached XP level 1. HP: 16/16 MP: 1/1
   374 | D:1      | Found Henich's Antique Weapon Shoppe.
   394 | D:1      | Gained mutation: You are partially covered in sharp spines.
                  | [demonic ancestry]
   394 | D:1      | Reached XP level 2. HP: 22/22 MP: 2/2
   810 | D:1      | Reached skill level 3 in Axes
   837 | D:1      | Reached XP level 3. HP: 15/27 MP: 3/3
  1373 | D:2      | Noticed Natasha
  1376 | D:2      | Killed Natasha
  1399 | D:2      | Gained mutation: A meltable shield of frost defends you.
                  | (SH +4) [demonic ancestry]
  1399 | D:2      | Reached XP level 4. HP: 27/34 MP: 4/4
  1501 | D:2      | Noticed Natasha
  1797 | D:1      | Killed Natasha
  1949 | D:2      | Reached skill level 1 in Armour
  2299 | D:2      | Found a faded altar of an unknown god.
  2687 | D:3      | Reached XP level 5. HP: 32/39 MP: 5/5
  2923 | D:3      | Reached skill level 4 in Axes
  3098 | D:3      | Found a burning altar of Makhleb.
  3685 | D:4      | Reached XP level 6. HP: 46/46 MP: 6/6
  3735 | D:4      | Found a snail-covered altar of Cheibriados.
  4231 | D:4      | Reached skill level 5 in Axes
  4646 | D:4      | You fall into a shaft and drop 3 floors!
  4650 | D:7      | Reached skill level 1 in Shields
  4652 | D:7      | Reached XP level 7. HP: 43/52 MP: 7/7
  4664 | D:7      | Noticed Prince Ribbit
  4669 | D:7      | HP: 1/52 [Prince Ribbit (16)]
  4669 | D:7      | Killed from afar by an orc priest

Illustrated notes

Levels and vault maps discovered:
D:1:      doesnt_arrival_eight_statues, layout_basic, serial_shops, shop
D:2:      layout_basic, ebering_ecumenical_altar_webs,
          amcnicky_mini_rare_corridor_liquid, uniq_natasha
D:3:      layout_basic, nicolae_overflow_hidden_temple
D:4:      layout_rooms, kennysheep_slug_shrine, serial_curves, eino_curves_02,
          eino_curves_03, eino_curves_02, eino_curves_02, nrook_mini_backslash,
          ebering_dispersal_statue_hall, uniq_crazy_yiuf_cottage
D:7:      layout_rooms, moated_statue, minmay_manual_mullet, uniq_prince_ribbit1

Skill      XL: |  1  2  3  4  5  6 |
---------------+-------------------+-----
Dodging        | 3 4 |  4.0
Axes           | 3 4 5 |  5.5
Armour         | 1 2 |  2.2
Fighting       | 3 |  3.3
Shields        | 1 |  1.1
Throwing       | |  1.9
Stealth        | |  0.2

Action                   |  1- 3 |  4- 6 |  7- 9 || total
-------------------------+-------+-------+-------++-------
Melee: War axe           |    57 |   105 |    12 ||   174
Armor: Leather armour    |     7 |    29 |       ||    36
       Ring mail         |       |     6 |     2 ||     8
Dodge: Dodged            |    53 |    81 |     6 ||   140
Block: Other             |       |    15 |     3 ||    18
